AoeStats
← Luffy (デイビッド)

Arena

504293044Analyzed
3v3 RM · 28d ago on Sep 4, 2026· 47m 39s· 6 players
Game mode
Random Map
Map size
Normal (6 player)
Population
200
Speed
Normal
Resources
Standard
Victory
Conquest
Starting age
Dark Age
Ending age
Imperial Age
RankedLock teamsTeams togetherTeam positionsShared explorationLock speedFull tech treeHidden civsTurbo modeCheats
Victory
Defeat
🇸🇪 Chinese · Sweden
838
+13
🇸🇪 Goths · Sweden
837
+13
🇸🇪 Persians · Sweden
762
+17
🇩🇪 Italians · Germany
888
-19
🇩🇪 Japanese · Germany
816
-16
🇩🇪 Byzantines · Germany
624
-8
Chooza
0:26 Loom
11:58 Feudal Age
13:11 Double-Bit Axe
13:36 Horse Collar
13:54 Stone Mining
19:19 Castle Age
17:47 Fletching
17:57 Gold Mining
18:42 Scale Mail Armor
19:15 Arson
19:55 Forging
25:44 Chain Mail Armor
29:03 Bodkin Arrow
29:08 Padded Archer Armor
30:26 Gold Shaft Mining
30:42 Wheelbarrow
30:23 Squires
30:08 Elite Skirmisher
31:49 Thumb Ring
31:43 Town Watch
32:16 Leather Archer Armor
32:45 Murder Holes
33:11 Ballistics
34:00 Bow Saw
34:11 Heavy Plow
35:36 Treadmill Crane
36:36 Iron Casting
36:20 Caravan
41:58 Imperial Age
40:36 Pikeman
43:27 Conscription
43:44 Elite Samurai
Fredl_5.8
0:43 Loom
10:34 Feudal Age
11:00 Double-Bit Axe
11:02 Horse Collar
14:16 Arson
17:20 Gold Mining
20:47 Castle Age
22:20 Bow Saw
23:58 Pikeman
24:39 Squires
26:04 Thumb Ring
26:20 Elite Skirmisher
32:25 Greek Fire
33:08 Caravan
33:41 Heavy Plow
33:38 Fletching
33:30 Treadmill Crane
34:12 Ballistics
35:51 Fortified Wall
39:33 Imperial Age
38:34 Wheelbarrow
41:32 Two-Man Saw
41:37 Chemistry
41:18 Hand Cart
41:51 Halberdier
enzo98
0:30 Loom
10:15 Feudal Age
10:42 Double-Bit Axe
10:40 Horse Collar
19:14 Castle Age
17:58 Stone Mining
18:04 Gold Mining
20:03 Wheelbarrow
23:48 Padded Archer Armor
23:39 Fletching
23:55 Heavy Plow
24:33 Stone Shaft Mining
24:12 Bow Saw
31:51 Silk Road
31:50 Elite Skirmisher
32:55 Caravan
38:00 Imperial Age
36:26 Heated Shot
36:32 Murder Holes
36:30 Guard Tower
37:01 Ballistics
36:23 Treadmill Crane
36:51 Bodkin Arrow
37:28 Leather Archer Armor
37:25 Forging
37:16 Scale Mail Armor
37:22 Scale Barding Armor
37:38 Thumb Ring
38:47 Bracer
39:42 Ring Archer Armor
40:27 Chemistry
40:01 Arson
40:16 Squires
40:47 Conscription
40:45 Elite Genoese Crossbowman
46:28 Pikeman
Luffy (デイビッド)
5:41 Loom
11:12 Feudal Age
14:37 Wheelbarrow
13:56 Gold Mining
14:53 Double-Bit Axe
22:38 Castle Age
22:13 Forging
22:06 Scale Mail Armor
22:06 Stone Mining
23:45 Squires
23:06 Pikeman
26:35 Anarchy
29:01 Chain Mail Armor
29:22 Iron Casting
28:49 Padded Archer Armor
32:09 Leather Archer Armor
34:17 Bow Saw
35:59 Caravan
37:56 Hand Cart
38:21 Stone Shaft Mining
41:30 Imperial Age
43:48 Blast Furnace
43:19 Ring Archer Armor
44:09 Elite Huskarl
45:16 Conscription
Pappa Jake
12:48 Feudal Age
14:04 Double-Bit Axe
14:33 Horse Collar
16:14 Scale Barding Armor
18:06 Forging
22:09 Castle Age
21:13 Stone Mining
21:14 Gold Mining
21:20 Gold Mining
22:38 Husbandry
23:15 Heavy Plow
23:21 Squires
22:49 Pikeman
24:29 Bow Saw
26:06 Scale Mail Armor
28:05 Chain Barding Armor
33:56 Imperial Age
33:03 Town Watch
34:12 Iron Casting
37:50 Crop Rotation
40:28 Plate Barding Armor
41:11 Blast Furnace
42:50 Elite War Elephant
45:06 Fletching
45:17 Padded Archer Armor
JustinZane
10:34 Feudal Age
11:08 Double-Bit Axe
19:45 Castle Age
18:34 Forging
18:14 Fletching
19:01 Arson
19:18 Padded Archer Armor
21:03 Iron Casting
21:31 Squires
22:45 Bodkin Arrow
29:08 Bow Saw
29:37 Horse Collar
30:29 Leather Archer Armor
30:26 Gold Mining
31:57 Caravan
32:57 Wheelbarrow
33:01 Heavy Plow
34:27 Town Watch
38:08 Imperial Age
36:48 Gold Shaft Mining
36:27 Husbandry
35:51 Light Cavalry
36:41 Bloodlines
38:13 Elite Chu Ko Nu
40:51 Chemistry
40:15 Bracer
43:20 Blast Furnace
42:51 Ring Archer Armor
45:40 Scale Mail Armor
Connection lost

Rejoining the realm…

Still unreachable

The connection could not be restored.

Session expired

The server has moved on; the page needs a fresh start.